AoeStats
← Erickinio

Arabia

508577989Analyzed
2v2 RM · 10d ago on Sep 23, 2026· 52m 33s· 4 players
Game mode
Random Map
Map size
Medium (4 player)
Population
200
Speed
Normal
Resources
Standard
Victory
Conquest
Starting age
Dark Age
Ending age
Imperial Age
RankedLock teamsTeams togetherTeam positionsShared explorationLock speedFull tech treeHidden civsTurbo modeCheats
Victory
Defeat
🇧🇷 Teutons · Brazil
857
+17
🇧🇷 Chinese · Brazil
823
+19
🇲🇽 Turks · Mexico
911
-19
🇦🇷 Celts · Argentina
855
-17
Erickinio
10:35 Feudal Age
11:07 Loom
11:53 Double-Bit Axe
21:53 Castle Age
20:26 Forging
21:27 Scale Mail Armor
22:45 Pikeman
23:11 Gambesons
31:09 Murder Holes
31:58 Arson
31:56 Man-at-Arms
34:25 Stronghold
34:58 Gold Mining
34:56 Long Swordsman
36:47 Iron Casting
36:38 Chain Mail Armor
38:50 Bow Saw
39:16 Stone Mining
40:05 Gold Shaft Mining
41:34 Wheelbarrow
40:42 Horse Collar
41:11 Fletching
41:22 Padded Archer Armor
46:03 Imperial Age
44:58 Bodkin Arrow
45:19 Leather Archer Armor
45:24 Masonry
46:01 Hand Cart
46:24 Stone Shaft Mining
47:28 Conscription
47:38 Heavy Scorpion
48:45 Town Watch
48:44 Halberdier
49:58 Plate Mail Armor
50:02 Two-Handed Swordsman
cone123
11:22 Feudal Age
10:43 Loom
19:00 Castle Age
23:47 Husbandry
27:46 Forging
32:06 Wheelbarrow
33:25 Fletching
gM1
10:02 Feudal Age
10:42 Double-Bit Axe
11:31 Horse Collar
12:00 Man-at-Arms
15:08 Forging
21:17 Loom
22:57 Wheelbarrow
23:45 Stone Mining
23:48 Gold Mining
26:55 Castle Age
29:57 Bow Saw
31:19 Bloodlines
32:16 Scale Mail Armor
32:53 Iron Casting
33:22 Heavy Plow
33:57 Chain Mail Armor
36:41 Imperial Age
34:29 Hand Cart
37:57 Town Watch
39:55 Crop Rotation
40:54 Blast Furnace
40:58 Conscription
40:53 Town Patrol
42:00 Cavalier
45:05 Paladin
46:40 Crenellations
47:42 Hoardings
47:31 Scale Barding Armor
48:32 Chain Barding Armor
49:18 Elite Teutonic Knight
51:25 Plate Mail Armor
53:18 Plate Barding Armor
BIRIBINHA
4:56 Loom
9:26 Feudal Age
14:42 Fletching
15:27 Horse Collar
16:09 Double-Bit Axe
18:08 Wheelbarrow
23:06 Castle Age
23:18 Padded Archer Armor
24:10 Bodkin Arrow
24:31 Leather Archer Armor
25:12 Crossbowman
27:26 Hand Cart
26:59 Town Watch
28:14 Thumb Ring
31:27 Bow Saw
38:07 Imperial Age
38:11 Gold Mining
38:15 Stone Mining
44:18 Bracer
45:07 Gold Shaft Mining
45:45 Stone Shaft Mining
45:31 Heavy Plow
46:34 Two-Man Saw
48:20 Ring Archer Armor
48:20 Elite Chu Ko Nu
50:26 Arbalester
Connection lost

Rejoining the realm…

Still unreachable

The connection could not be restored.

Session expired

The server has moved on; the page needs a fresh start.